 Dungeon Crawl Stone Soup version 0.30-a0-737-gf23d94013f (webtiles) character file.

Game seed: 12168462743669454244

480 Newt the Trooper (level 6, -3/51 HPs)
             Began as a Demonspawn Gladiator on Feb 2, 2023.
             Slain by a black bear (11 damage)
             ... on level 5 of the Dungeon.
             The game lasted 00:04:41 (4275 turns).

Newt the Trooper (Demonspawn Gladiator)             Turns: 4275, Time: 00:04:41

Health: -3/51      AC:  5    Str: 16    XL:     6   Next: 86%
Magic:  6/6        EV: 12    Int: 10    God:
Gold:   70         SH:  0    Dex: 14    Spells: 5/5 levels left

rFire   . . .      SeeInvis .    a - +1 rapier
rCold   . . .      Faith    .    (no shield)
rNeg    . . .      Spirit   .    b - +0 leather armour
rPois   .          Reflect  .    (helmet restricted)
rElec   .          Harm     .    (no cloak)
rCorr   .          Rampage  .    (no gloves)
Will    .....                    (no boots)
Stlth   ++                       (no amulet)
HPRegen 0.28/turn                (no ring)
MPRegen 0.10/turn                (no ring)

@: no status effects
A: horns 2, yellow scales 1
a: no special abilities


You were on level 5 of the Dungeon.
You visited 1 branch of the dungeon, and saw 5 of its levels.

You collected 140 gold pieces.
You spent 70 gold pieces at shops.

Inventory:

Hand Weapons
 a - a +1 rapier (weapon)
Missiles
 d - a throwing net
 k - 3 boomerangs (quivered)
 l - 10 poisoned darts
Armour
 b - a +0 leather armour (worn)
 c - a +0 helmet
 m - a +1 helmet
Wands
 q - a wand of flame (21)
 s - a wand of acid (9)
 t - a wand of roots (5)
Scrolls
 g - 2 scrolls of poison
 n - a scroll of identify
 r - a scroll of fog
 u - a scroll of silence
Potions
 f - a potion of cancellation
 h - a potion of might
 i - a potion of curing
 j - a potion of berserk rage
 o - 2 potions of lignification
 p - a potion of attraction


   Skills:
 - Level 5.0 Fighting
 - Level 2.6 Short Blades
 - Level 5.0 Throwing
 + Level 2.8 Dodging
 - Level 1.5 Stealth


You had 5 spell levels left.
You didn't know any spells.
Your spell library contained the following spells:

 Spells                   Type           Power      Damage    Failure   Level
 Shock                    Conj/Air       0%         1d3       43%         1
 Swiftness                Air            0%         N/A       80%         3
 Airstrike                Air            0%         2d(0-16)  99%         4


Dungeon Overview and Level Annotations

Branches:
Dungeon (5/15)
 Temple: D:4-7

Altars:
Cheibriados
Hepliaklqana
Nemelex Xobeh
Wu Jian

Shops:
D:2 !?*((


Innate Abilities, Weirdness & Mutations

You have a pair of horns on your head.
You are partially covered in yellow scales. (AC +2)


Message History

Throw: 3 boomerangs
Press: ? - help, Q - select action, (/) - cycle Shift-Dir - straight line, f/p - black bear
Aim: a black bear (almost dead, 70% to hit)
You throw a boomerang.
The boomerang barely misses the black bear.
The black bear bites you.
* * * LOW HITPOINT WARNING * * *
The black bear claws you but does no damage.
The black bear claws you.
* * * LOW HITPOINT WARNING * * *
Throw: 3 boomerangs
Press: ? - help, Q - select action, (/) - cycle Shift-Dir - straight line, f/p - black bear
Aim: a black bear (almost dead, 70% to hit)
You throw a boomerang. The boomerang hits the black bear.
The black bear is almost dead.
The black bear bites you.
* * * LOW HITPOINT WARNING * * *
The black bear barely misses you. The black bear closely misses you.
Throw: 3 boomerangs
Press: ? - help, Q - select action, (/) - cycle Shift-Dir - straight line, f/p - black bear
Aim: a black bear (almost dead, 70% to hit)
You throw a boomerang.
The boomerang barely misses the black bear.
The black bear goes berserk!
Throw: 3 boomerangs
Press: ? - help, Q - select action, (/) - cycle Shift-Dir - straight line, f/p - black bear
Aim: a black bear (almost dead, berserk, 70% to hit)
You throw a boomerang.
The boomerang hits the black bear but does no damage.
The black bear is almost dead.
The black bear bites you but does no damage.
The black bear misses you.
The black bear claws you but does no damage.
Throw: 3 boomerangs
Press: ? - help, Q - select action, (/) - cycle Shift-Dir - straight line, f/p - black bear
Aim: a black bear (almost dead, berserk, 70% to hit)
You throw a boomerang.
The boomerang closely misses the black bear.
The black bear bites you!
You die...

###.# .(#.#
#.#.####
#......
#######...#
..!.......#
.....##.#.#
...
#.#รท### .
#@h...#
#.###^#
...# .....#
.[.###.? ..
### .


You could see a black bear (berserk).

Vanquished Creatures
  An orc warrior (D:3)
  A centaur (D:4)
  A scorpion (D:2)
  2 hounds
  Jessica (D:3)
  An iguana (D:4)
  5 adders
  2 worms
  A dart slug (D:1)
  2 orcs
  9 bats
  12 endoplasms
  4 giant cockroaches
  4 goblins
  6 hobgoblins
  2 jackals (D:1)
  13 kobolds
  7 quokkas
  11 ball pythons
  2 frilled lizards
  5 rats
92 creatures vanquished.

Notes
Turn   | Place    | Note
-------+----------+-------------------------------------------
     0 | D:1      | Newt the Demonspawn Gladiator began the quest for the Orb.
     0 | D:1      | Reached XP level 1. HP: 16/16 MP: 1/1
    69 | D:1      | Reached skill level 1 in Stealth
   226 | D:1      | Gained mutation: You have a pair of small horns on your
                  | head. [demonic ancestry]
   226 | D:1      | Reached XP level 2. HP: 16/22 MP: 2/2
   497 | D:1      | Reached XP level 3. HP: 29/29 MP: 3/3
  1066 | D:2      | Gained mutation: You are partially covered in yellow
                  | scales. (AC +2) [demonic ancestry]
  1066 | D:2      | Reached XP level 4. HP: 24/37 MP: 4/4
  1134 | D:2      | Noticed a scorpion
  1141 | D:2      | Killed a scorpion
  1451 | D:2      | Found Kinucuni's Antique Weapon Emporium.
  1460 | D:2      | Found Dibod's Assorted Antiques.
  1463 | D:2      | Bought a murky silvery potion for 21 gold pieces
  1463 | D:2      | Bought a glowing blue potion for 21 gold pieces
  1480 | D:2      | Reached XP level 5. HP: 42/43 MP: 5/5
  1486 | D:2      | You fall into a shaft and drop 2 floors!
  1508 | D:4      | Noticed an orc warrior
  1532 | D:3      | Killed an orc warrior
  1533 | D:3      | Reached skill level 5 in Fighting
  1638 | D:3      | Found an ornate altar of the Wu Jian Council.
  1670 | D:3      | Found a hazy altar of Hepliaklqana.
  2081 | D:2      | Found Yrril's Magic Scroll Emporium.
  2097 | D:2      | Bought a scroll of identify for 28 gold pieces
  2161 | D:2      | Found Laniy's Weapon Shoppe.
  2262 | D:2      | Found Owuidomp's Distillery.
  2539 | D:3      | Gained mutation: You have a pair of horns on your head.
                  | [demonic ancestry]
  2539 | D:3      | Reached XP level 6. HP: 48/51 MP: 6/6
  2712 | D:3      | Noticed Jessica
  2724 | D:3      | Killed Jessica
  3097 | D:3      | Found a sparkling altar of Nemelex Xobeh.
  3097 | D:3      | Found a snail-covered altar of Cheibriados.
  3851 | D:5      | Entered Level 5 of the Dungeon
  4238 | D:4      | Reached skill level 5 in Throwing
  4275 | D:5      | Slain by a black bear

Illustrated notes

Levels and vault maps discovered:
D:1:      mainiacjoe_arrival_reflecting_pool, layout_basic
D:2:      layout_loops_cross, serial_shops, nicolae_shop_behind_doors,
          shop_fountains, nicolae_shop_behind_doors, nicolae_shop_behind_doors,
          nicolae_shop_trees, kennysheep_generic_room_7
D:3:      layout_loops_ring, gammafunk_temple_overflow_elements,
          mainiacjoe_overflow_large_starburst, uniq_jessica
D:4:      layout_rooms
D:5:      layout_loops_ring, kennysheep_vampire_church,
          mainiacjoe_overflow_six_doors_small, minmay_temple_entry_junction_2,
          nicolae_wormholes

Skill      XL: |  1  2  3  4  5  6 |
---------------+-------------------+-----
Stealth        | 1 |  1.5
Fighting       | 3 4 5 |  5.0
Throwing       | 3 5 |  5.0
Short Blades   | |  2.6
Dodging        | |  2.8

Action                     |  1- 3 |  4- 6 || total
---------------------------+-------+-------++-------
  Melee: Rapier            |    90 |   175 ||   265
         Headbutt          |    10 |    36 ||    46
  Throw: Javelin           |     1 |     1 ||     2
         Dart              |       |     2 ||     2
         Boomerang         |       |    21 ||    21
         Throwing net      |       |     4 ||     4
    Use: Scroll            |     3 |    12 ||    15
   Stab: Sleeping          |     1 |     5 ||     6
         Held in net/web   |       |     2 ||     2
 Armour: Leather armour    |    27 |    72 ||    99
  Dodge: Dodged            |    69 |   120 ||   189

Table legend: (Time is in decaauts)
 A = Elapsed time spent in this place.
 B = Non-inter-level travel time spent in this place.
 C = Inter-level travel time spent in this place.
 D = Time resting spent in this place.
 E = Time spent auto-exploring this place.
 F = Levels seen in this place.
 G = Mean time per level.
                   A        B        C        D        E       F      G
               +--------+--------+--------+--------+--------+-----+--------+
         Total |   4297 |   4062 |    235 |    730 |   2672 |   5 |  859.4 |
       Dungeon |   4297 |   4062 |    235 |    730 |   2672 |   5 |  859.4 |
               +--------+--------+--------+--------+--------+-----+--------+

Top non-repeatable levels by time:
     D:2: 1170 daAuts
     D:3: 1072 daAuts
     D:4: 1044 daAuts
     D:1: 979 daAuts
     D:5: 31 daAuts
